 Dungeon Crawl Stone Soup version 0.29-a0-1008-g949cc1d0fb (webtiles) character file.

Game seed: 14632120013522695297

3290 drpainis the Cleaver (level 9, -5/79 HPs)
             Began as a Minotaur Fighter on Aug 7, 2022.
             Was a Follower of Uskayaw.
             Killed from afar by Erica (14 damage)
             ... with a bolt of poison
             ... on level 8 of the Dungeon.
             The game lasted 00:14:17 (12289 turns).

drpainis the Cleaver (Minotaur Fighter)            Turns: 12289, Time: 00:14:18

Health: -5/79      AC: 17    Str: 26    XL:     9   Next: 69%
Magic:  8/8        EV:  8    Int:  5    God:    Uskayaw [*.....]
Gold:   432        SH:  0    Dex:  9    Spells: 8/8 levels left

rFire   . . .      SeeInvis .   k - +1 battleaxe
rCold   . . .      Faith    .   (shield currently unavailable)
rNeg    + . .      Spirit   .   p - +0 plate armour
rPois   .          Reflect  .   (helmet restricted)
rElec   .          Harm     .   u - scarf {repulsion}
rCorr   .          Rampage  .   g - +0 pair of gloves
Will    .....                   H - +0 pair of boots
Stlth   ..........              D - amulet of magic regeneration
HPRegen 0.23/turn               E - ring of positive energy
MPRegen 0.51/turn               (no ring)

@: lethally poisoned (-5 -> -30), repel missiles
A: horns 2, retaliatory headbutt
a: Renounce Religion, Stomp


You were on level 8 of the Dungeon.
You worshipped Uskayaw.
Uskayaw was noncommittal.
You visited 2 branches of the dungeon, and saw 9 of its levels.

You collected 432 gold pieces.

Inventory:

Hand Weapons
 a - a +1 war axe
 k - a +1 battleaxe (weapon)
 q - a +0 whip
 v - a +3 spear of venom
Missiles
 h - 11 poisoned darts (quivered)
 C - 11 boomerangs
Armour
 b - a +0 scale mail
 c - a +0 buckler
 g - a +0 pair of gloves (worn)
 p - a +0 plate armour (worn)
 u - a scarf of repulsion (worn)
 z - a +0 cloak
 H - a +0 pair of boots (worn)
Jewellery
 D - an amulet of magic regeneration (around neck)
 E - a ring of positive energy (left hand)
Wands
 B - a wand of flame (20)
 J - a wand of charming (9)
Scrolls
 d - 2 scrolls of blinking
 e - a scroll of noise {unknown}
 i - a scroll of immolation
 j - 2 scrolls of magic mapping
 s - 5 scrolls of teleportation
 t - 2 scrolls of vulnerability
 w - 2 scrolls of butterflies {unknown}
 x - a scroll of enchant armour {unknown}
 y - a scroll of amnesia {unknown}
Potions
 f - a potion of invisibility {unknown}
 m - a potion of flight
 n - a potion of lignification {unknown}
 o - 2 potions of brilliance {unknown}
 r - a potion of berserk rage {unknown}
 A - 2 potions of mutation {unknown}
 F - 2 potions of attraction {unknown}


   Skills:
 + Level 7.6 Fighting
 + Level 10.5(10.8) Axes
 + Level 4.0(7.9) Polearms
 + Level 0.2 Throwing
 + Level 9.3 Armour
 + Level 1.8 Dodging
 + Level 1.6 Stealth
 + Level 5.3 Shields


You had 8 spell levels left.
You didn't know any spells.
Your spell library contained the following spells:

 Spells                   Type           Power      Damage    Failure   Level
 Apportation              Tloc           0%         N/A       99%         1
 Static Discharge         Conj/Air       0%         3-3/arc   100%        2
 Ozocubu's Armour         Ice            0%         N/A       100%        3
 Dispel Undead            Necr           0%         3d6       100%        4
 Sticky Flame             Conj/Fire      0%         2d3       100%        4
 Borgnjor's Vile Clutch   Necr/Erth      0%         N/A       100%        5
 Ozocubu's Refrigeration  Ice            0%         4d7       100%        7
 Shatter                  Erth           0%         3d5*      100%        9


Dungeon Overview and Level Annotations

Branches:
Dungeon (8/15)             Temple (1/1) D:5
   Lair: D:8-11

Altars:
Ashenzari
Cheibriados
Dithmenos
Hepliaklqana
Kikubaaqudgha
Makhleb
Okawaru
Qazlal
Ru
Trog
Uskayaw
Wu Jian
Xom
Yredelemnul
Zin
The Shining One

Shops:
D:1 !

Annotations:
D:8 1 runed translucent door, Erica; JakeJacob's ghost, novice FoFi


Innate Abilities, Weirdness & Mutations

You have a pair of horns on your head.
You reflexively headbutt those who attack you in melee.


Message History

You miss something. Your headbutt misses something. Something hits you!
Something burns you.
You barely miss something. Something hits you but does no damage.
You slash something! Your headbutt misses something. Something hits you!
Something burns you.
You hear some strange, mumbled words.
A lance of force appears from out of thin air!
The lance of force is repelled.
You can now pass through a line of other dancers.
You closely miss something. You headbutt something! Something hits you!
* * * LOW HITPOINT WARNING * * *
Something burns you.
* * * LOW HITPOINT WARNING * * *
You miss something.
You hear some strange, mumbled words.
You are confused.
Something hits you but does no damage.
You closely miss something. Your headbutt misses something.
You hear some strange, mumbled words.
A lance of force appears from out of thin air!
The lance of force hits you!
* * * LOW HITPOINT WARNING * * *
You are knocked back by the lance of force.
You bump into the rock wall.
You bump into the rock wall.
You hear some strange, mumbled words.
A bolt of poison appears from out of thin air!
The bolt of poison hits you but does no damage.
You are poisoned.
You can no longer pass through a line of other dancers.
Unknown command.
You miss something. Your headbutt misses something.
You feel less confused.
* * * LOW HITPOINT WARNING * * *
You feel very sick.
You hear some strange, mumbled words.
A bolt of poison appears from out of thin air!
The bolt of poison hits you!
You are lethally poisoned!
You die...

######################
###............{@......#
....#######..............
........................#
....[................##.#
.##########..........# #
.# #............ ##
#...........##
#..........## #..........


There were no monsters in sight!

Vanquished Creatures
  A wyvern (D:8)
  3 steam dragons
  2 water moccasins
  An ice beast (D:7)
  2 orc warriors (D:8)
  2 black bears (D:4)
  4 ogres
  A centaur (D:7)
  A kobold brigand (D:8)
  2 bullfrogs (D:6)
  4 scorpions
  2 necrophages
  3 wights (D:7)
  5 hounds
  A gnoll bouda (D:6)
  6 orc priests
  3 jellies
  2 iguanas (D:4)
  8 orc wizards
  2 adders
  7 gnolls
  2 white imps
  A worm (D:4)
  5 dart slugs
  39 orcs
  5 ball pythons
  4 bats
  10 endoplasms
  6 giant cockroaches
  5 goblins
  7 hobgoblins
  6 jackals
  9 quokkas
  2 frilled lizards (D:2)
  A goblin skeleton (D:3)
  2 goblin zombies (D:3)
  3 hobgoblin zombies (D:3)
  9 kobolds
  2 kobold skeletons (D:3)
  A kobold zombie (D:3)
  An orc skeleton (D:3)
  An orc zombie (D:3)
  4 rats
187 creatures vanquished.

Vanquished Creatures (others)
  69 plants (D:4)
69 creatures vanquished.

Grand Total: 256 creatures vanquished

Notes
Turn   | Place    | Note
-------+----------+-------------------------------------------
     0 | D:1      | drpainis the Minotaur Fighter began the quest for the Orb.
     0 | D:1      | Reached XP level 1. HP: 19/19 MP: 0/0
   150 | D:1      | Reached XP level 2. HP: 22/27 MP: 1/1
   307 | D:1      | Found Gotoe's Distillery.
   762 | D:1      | Found a faded altar of an unknown god.
   856 | D:2      | Reached XP level 3. HP: 22/33 MP: 2/2
  1112 | D:2      | Got the Tome of the Traveller and Terra Firma
  1134 | D:2      | Reached skill level 3 in Axes
  1398 | D:2      | Reached XP level 4. HP: 24/40 MP: 3/3
  2584 | D:3      | Reached skill level 1 in Dodging
  2633 | D:3      | Reached skill level 4 in Axes
  2778 | D:3      | Found a glowing golden altar of the Shining One.
  2809 | D:3      | Reached XP level 5. HP: 9/46 MP: 4/4
  4006 | D:4      | Reached skill level 5 in Axes
  4006 | D:4      | Reached skill level 5 in Armour
  4006 | D:4      | Reached XP level 6. HP: 53/53 MP: 5/5
  4178 | D:4      | Reached skill level 6 in Axes
  4178 | D:4      | Reached skill level 5 in Shields
  4770 | D:4      | Reached XP level 7. HP: 60/60 MP: 6/6
  4794 | D:4      | Reached skill level 1 in Polearms
  4838 | D:4      | Reached skill level 5 in Fighting
  6192 | D:5      | Entered Level 5 of the Dungeon
  6242 | D:5      | Found a staircase to the Ecumenical Temple.
  7080 | D:5      | Reached XP level 8. HP: 67/69 MP: 7/7
  7137 | Temple   | Entered the Ecumenical Temple
  7143 | Temple   | Became a worshipper of Uskayaw the Reveller
  7278 | D:5      | Reached * piety under Uskayaw
  7280 | D:5      | Reached ** piety under Uskayaw
  8042 | D:6      | Found an ornate altar of the Wu Jian Council.
  8043 | D:6      | Found a burning altar of Makhleb.
  8476 | D:6      | Reached skill level 7 in Axes
  8476 | D:6      | Reached *** piety under Uskayaw
  8781 | D:6      | Reached skill level 8 in Axes
  8781 | D:6      | Reached skill level 1 in Stealth
  9339 | D:6      | Reached XP level 9. HP: 77/77 MP: 8/8
 10030 | D:7      | Reached skill level 9 in Axes
 10188 | D:8      | Noticed Erica
 11405 | D:8      | Reached skill level 10 in Axes
 11846 | D:8      | Found a runed translucent door.
 11846 | D:8      | Noticed JakeJacob's ghost (novice FoFi)
 12289 | D:8      | Killed from afar by Erica

Illustrated notes

Levels and vault maps discovered:
D:1:      minmay_arrival_up_and_down, layout_basic,
          hellmonk_ecumenical_altar_inner_sanctum, serial_shops,
          nicolae_shop_advertising_works [nicolae_subvault_shop_adworks]
D:2:      cheibrodos_pilgrimage, layout_loops_ring
D:3:      layout_rooms, nicolae_tso_besieged_by_evil
D:4:      layout_layer_cave, serial_bayou, serial_bayou_lagoon_a,
          serial_bayou_lagoon_b, serial_bayou_pond_e, serial_bayou_lake_a
D:5:      layout_basic, minmay_temple_entry_tees
D:6:      layout_basic, chequers_temple_overflow_statue_of_worship
D:7:      layout_cave_pods
D:8:      layout_rooms, gammafunk_ghost_grave, uniq_erica
Temple:   nicolae_temple_x_marks_the_god

Skill      XL: |  1  2  3  4  5  6  7  8  9 |
---------------+----------------------------+-----
Shields        | 4 5 |  5.3
Armour         | 4 5 6 8 9 |  9.3
Fighting       | 4 5 6 7 |  7.6
Axes           | 3 4 5 6 8 10 | 10.5
Dodging        | 1 |  1.8
Polearms       | 3 4 |  4.0
Stealth        | 1 |  1.6
Throwing       | |  0.2

Action                   |  1- 3 |  4- 6 |  7- 9 || total
-------------------------+-------+-------+-------++-------
Melee: War axe           |    94 |   103 |       ||   197
       Headbutt          |    13 |    14 |    33 ||    60
       Spear             |       |    25 |    97 ||   122
       Battleaxe         |       |       |   173 ||   173
Throw: Dart              |       |       |     3 ||     3
Invok: Stomp             |       |       |     3 ||     3
       Line Pass         |       |       |     2 ||     2
  Use: Potion            |     1 |     2 |    12 ||    15
       Scroll            |       |     4 |     6 ||    10
 Stab: Paralysed         |       |       |     6 ||     6
Armor: Scale mail        |    61 |    26 |       ||    87
       Plate armour      |       |    34 |   185 ||   219
Dodge: Dodged            |    54 |    50 |    95 ||   199
       Repelled          |       |       |     4 ||     4
Block: Buckler           |    28 |    33 |    19 ||    80

Table legend: (Time is in decaauts)
 A = Elapsed time spent in this place.
 B = Non-inter-level travel time spent in this place.
 C = Inter-level travel time spent in this place.
 D = Time resting spent in this place.
 E = Time spent auto-exploring this place.
 F = Levels seen in this place.
 G = Mean time per level.
                   A        B        C        D        E       F      G
               +--------+--------+--------+--------+--------+-----+--------+
         Total |  12425 |  12145 |    280 |   5592 |   4483 |   9 | 1380.6 |
       Dungeon |  12413 |  12133 |    280 |   5592 |   4482 |   8 | 1551.6 |
        Temple |     12 |     12 |      0 |      0 |      1 |   1 |   12.0 |
               +--------+--------+--------+--------+--------+-----+--------+

Top non-repeatable levels by time:
     D:4: 2271 daAuts
     D:6: 1893 daAuts
     D:2: 1783 daAuts
     D:7: 1620 daAuts
     D:5: 1523 daAuts
     D:3: 1412 daAuts
     D:8: 1068 daAuts
     D:1: 839 daAuts
  Temple: 12 daAuts
